 Dungeon Crawl Stone Soup version 0.29-a0-1023-g6ae1a4a2c7 (webtiles) character file.

Game seed: 1530856498886556333

970 Newt the Chucker (level 7, -2/54 HPs)
             Began as a Demonspawn Brigand on Aug 11, 2022.
             Slain by Prince Ribbit (12 damage)
             ... on level 5 of the Dungeon.
             The game lasted 00:11:21 (5463 turns).

Newt the Chucker (Demonspawn Brigand)               Turns: 5463, Time: 00:11:22

Health: -2/54      AC: 10    Str: 11    XL:     7   Next: 94%
Magic:  7/7        EV:  4    Int: 13    God:
Gold:   127        SH:  0    Dex: 16    Spells: 6/6 levels left

rFire   + . .      SeeInvis .   C - +0 short sword (venom)
rCold   . . .      Faith    .   (no shield)
rNeg    . . .      Spirit   .   l - +0 chain mail
rPois   .          Reflect  .   (no helmet)
rElec   .          Harm     .   c - +1 cloak
rCorr   .          Rampage  .   (no gloves)
Will    .....                   (no boots)
Stlth   ..........              (no amulet)
HPRegen 0.18/turn               m - ring of protection from fire
MPRegen 0.10/turn               (no ring)

@: no status effects
A: powered by death 1, demonic magic 2
a: no special abilities


You were on level 5 of the Dungeon.
You visited 1 branch of the dungeon, and saw 5 of its levels.

You collected 127 gold pieces.

Inventory:

Hand Weapons
 a - a +2 vampiric dagger
 f - a +1 dagger of speed
 C - a +0 short sword of venom (weapon)
Missiles
 e - a curare-tipped dart
 g - 3 boomerangs
 n - 29 stones
 o - 5 poisoned darts (quivered)
 u - a javelin
 v - 3 throwing nets
Armour
 b - a +0 robe
 c - a +1 cloak (worn)
 i - a +0 leather armour
 l - a +0 chain mail (worn)
Jewellery
 m - a ring of protection from fire (left hand)
 p - an amulet of faith
 r - a ring of fire
 x - an amulet of reflection
Wands
 h - a wand of digging (3)
 B - a wand of quicksilver (9)
Scrolls
 w - a scroll of poison
 y - a scroll of amnesia {unknown}
 D - a scroll of identify
 E - a scroll of teleportation {unknown}
Potions
 d - a potion of brilliance {unknown}
 j - 2 potions of might
 k - a potion of ambrosia
 q - a potion of resistance
 s - a potion of cancellation
 t - a potion of curing
 z - a potion of attraction {unknown}
 A - a potion of heal wounds {unknown}


   Skills:
 + Level 4.1 Fighting
 + Level 3.7 Short Blades
 - Level 7.0 Throwing
 - Level 0.8 Dodging
 - Level 3.6 Stealth


You had 6 spell levels left.
You didn't know any spells.
Your spell library contained the following spells:

 Spells                   Type           Power      Damage    Failure   Level
 Static Discharge         Conj/Air       0%         3-3/arc   100%        2
 Ignite Poison            Fire/Tmut/Pois 0%         N/A       100%        3
 Mephitic Cloud           Conj/Pois/Air  0%         N/A       100%        3
 Freezing Cloud           Conj/Ice/Air   0%         6-21      100%        5
 Lightning Bolt           Conj/Air       0%         1d11      100%        5
 Maxwell's Capacitive Co  Air            0%         ∞         100%        8


Dungeon Overview and Level Annotations

Branches:
Dungeon (5/15)
 Temple: D:4-7

Altars:

Portals:
Abyss: D:3

Annotations:
D:3 2 transporters, Golfball's ghost, amateur GrFi
D:5 Prince Ribbit


Innate Abilities, Weirdness & Mutations

You regenerate a little health from kills.
Spells you cast may paralyse nearby enemies.


Message History

Press: ? - help, Q - select action, (/) - cycle Shift-Dir - straight line, f/p - Prince Ribbit
Aim: Prince Ribbit (poisoned, 46% to hit)
You throw a poisoned dart. The poisoned dart hits Prince Ribbit!
Prince Ribbit looks even sicker.
Prince Ribbit barely misses you.
You miss Prince Ribbit. Prince Ribbit hits you.
You hit Prince Ribbit.
Prince Ribbit is lightly wounded.
Prince Ribbit hits you.
Unknown command.
You hit Prince Ribbit but do no damage.
Prince Ribbit looks as sick as possible!
Prince Ribbit is lightly wounded.
Prince Ribbit hits you but does no damage.
Prince Ribbit hits you!
You barely miss Prince Ribbit.
Prince Ribbit is lightly wounded.
Prince Ribbit barely misses you.
Unknown command.
You completely miss Prince Ribbit.
Prince Ribbit is moderately wounded.
Prince Ribbit hits you but does no damage.
Unknown command.
You closely miss Prince Ribbit.
Prince Ribbit is moderately wounded.
Prince Ribbit completely misses you. Prince Ribbit hits you!
Unknown command.
You barely miss Prince Ribbit.
Prince Ribbit is moderately wounded.
Prince Ribbit hits you!
* * * LOW HITPOINT WARNING * * *
Unknown command.
You feel better.
Prince Ribbit catches a fly with his tongue.
Prince Ribbit hits you!
* * * LOW HITPOINT WARNING * * *
You feel better. Prince Ribbit hits you!
* * * LOW HITPOINT WARNING * * *
Prince Ribbit hits you!
You die...

...##...♣♣♣..........########....
...)...♣......#####..............
.......♣♣.♣...'...#..............
.......♣♣♣....#...+..............
.............##...#..............
.............##...#####....######
........#.....+...#...#....#
........##...##...'...#....#
####.....##+# #F@.#...#....#
#....(...#...#....# #........#
..#....# ######...# ..#....#
#...# .###... ..... .. .. #.....
.. #...... .


You could see Prince Ribbit (very poisoned).

Vanquished Creatures
  Eustachio (D:4)
  Menkaure (D:4)
  2 phantoms
  A scorpion (D:4)
  An orc priest (D:4)
  A hound (D:5)
  Natasha (thrice) (D:2)
  5 iguanas
  4 orc wizards
  4 adders
  An ufetubus (D:4)
  4 worms
  2 dart slugs (D:1)
  13 orcs
  6 ball pythons
  6 endoplasms
  4 giant cockroaches
  6 goblins
  7 hobgoblins
  5 jackals
  6 kobolds
  4 bats
  4 frilled lizards
  6 rats
97 creatures vanquished.

Notes
Turn   | Place    | Note
-------+----------+-------------------------------------------
     0 | D:1      | Newt the Demonspawn Brigand began the quest for the Orb.
     0 | D:1      | Reached XP level 1. HP: 16/16 MP: 1/1
    45 | D:1      | Reached skill level 2 in Throwing
   107 | D:1      | Gained mutation: Spells you cast may paralyse adjacent
                  | enemies. [demonic ancestry]
   107 | D:1      | Reached XP level 2. HP: 12/22 MP: 2/2
   824 | D:1      | Reached skill level 3 in Throwing
   836 | D:1      | Found a faded altar of an unknown god.
  1507 | D:2      | Reached XP level 3. HP: 24/27 MP: 3/3
  1824 | D:2      | Noticed Natasha
  1833 | D:2      | Killed Natasha
  1924 | D:2      | Reached skill level 4 in Throwing
  1924 | D:2      | Gained mutation: You regenerate a little health from kills.
                  | [demonic ancestry]
  1924 | D:2      | Reached XP level 4. HP: 33/33 MP: 4/4
  2074 | D:2      | Noticed Natasha
  2081 | D:2      | Killed Natasha
  2477 | D:2      | Noticed Natasha
  2483 | D:2      | Killed Natasha
  2484 | D:2      | Gained mutation: Spells you cast may paralyse nearby
                  | enemies. [demonic ancestry]
  2484 | D:2      | Reached XP level 5. HP: 38/38 MP: 5/5
  2664 | D:3      | Found a transporter.
  2671 | D:3      | Found a transporter.
  2674 | D:3      | Found a one-way gate to the infinite horrors of the Abyss.
  2674 | D:3      | Noticed Golfball's ghost (amateur GrFi)
  2676 | D:3      | Noticed a small abomination
  2733 | D:3      | Reached skill level 5 in Throwing
  3363 | D:3      | HP: 1/38 [something/magic dart (9)]
  3648 | D:4      | Reached XP level 6. HP: 42/44 MP: 6/6
  3665 | D:4      | Noticed Eustachio
  3675 | D:4      | Killed Eustachio
  3676 | D:4      | Reached skill level 6 in Throwing
  3979 | D:4      | Reached skill level 7 in Throwing
  3979 | D:4      | Reached XP level 7. HP: 50/50 MP: 7/7
  4403 | D:4      | Noticed Menkaure
  4409 | D:4      | Killed Menkaure
  4682 | D:5      | Entered Level 5 of the Dungeon
  5451 | D:5      | Noticed Prince Ribbit
  5463 | D:5      | Slain by Prince Ribbit

Illustrated notes

Levels and vault maps discovered:
D:1:      lightli_arrival_farm, layout_loops_ring,
          hellmonk_ecumenical_altar_heavens_door
D:2:      layout_basic, uniq_natasha
D:3:      layout_loops_ring, gammafunk_ghost_abyssal_escape, serial_bayou_pond_a
D:4:      layout_gridville, grunt_decor_one_mirror, uniq_menkaure,
          uniq_eustachio
D:5:      layout_gridville, lemuel_tele_altar, chequers_garden,
          eino_small_chamber_without_monster, uniq_prince_ribbit1

Skill      XL: |  1  2  3  4  5  6  7 |
---------------+----------------------+-----
Throwing       | 2 3 4 5 7 |  7.0
Short Blades   | 3 |  3.7
Fighting       | 4 |  4.1
Dodging        | |  0.8
Stealth        | |  3.6

Action                   |  1- 3 |  4- 6 |  7- 9 || total
-------------------------+-------+-------+-------++-------
Melee: Dagger            |    95 |   176 |    74 ||   345
       Punch             |     1 |     3 |     1 ||     5
       Short sword       |       |       |    45 ||    45
Throw: Dart              |    24 |    35 |    15 ||    74
       Stone             |    21 |       |       ||    21
       Javelin           |     2 |     2 |     1 ||     5
       Throwing net      |       |     4 |       ||     4
       Boomerang         |       |    10 |    13 ||    23
  Use: Scroll            |     4 |     7 |     3 ||    14
       Potion            |       |     1 |     2 ||     3
 Stab: Sleeping          |     3 |       |       ||     3
Armor: Robe              |     2 |       |       ||     2
       Chain mail        |    54 |   145 |    69 ||   268
Dodge: Dodged            |    16 |    32 |    25 ||    73

Table legend: (Time is in decaauts)
 A = Elapsed time spent in this place.
 B = Non-inter-level travel time spent in this place.
 C = Inter-level travel time spent in this place.
 D = Time resting spent in this place.
 E = Time spent auto-exploring this place.
 F = Levels seen in this place.
 G = Mean time per level.
                   A        B        C        D        E       F      G
               +--------+--------+--------+--------+--------+-----+--------+
         Total |   5431 |   5349 |     82 |    428 |   4052 |   5 | 1086.2 |
       Dungeon |   5431 |   5349 |     82 |    428 |   4052 |   5 | 1086.2 |
               +--------+--------+--------+--------+--------+-----+--------+

Top non-repeatable levels by time:
     D:1: 1492 daAuts
     D:2: 1177 daAuts
     D:4: 1036 daAuts
     D:3: 960 daAuts
     D:5: 764 daAuts
